 Dungeon Crawl Stone Soup version 0.28.0-43-g3370ac3207 (webtiles) character file.

Game seed: 7618760254193002442

24 Ablot the Grasshopper (level 3, -1/31 HPs)
             Began as a Gnoll Warper on Mar 23, 2022.
             Succumbed to an adder's poison
             ... on level 2 of the Dungeon.
             The game lasted 00:00:54 (1255 turns).

Ablot the Grasshopper (Gnoll Warper)                Turns: 1255, Time: 00:00:55

Health: -1/31      AC:  3    Str: 12    XL:     3   Next: 2%
Magic:  6/9        EV: 12    Int: 12    God:
Gold:   9          SH:  0    Dex: 11    Spells: 9/11 levels left

rFire   . . .      SeeInvis .   a - +0 spear
rCold   . . .      Faith    .   (no shield)
rNeg    . . .      Spirit   .   b - +0 leather armour
rPois   .          Reflect  .   (no helmet)
rElec   .          Harm     .   (no cloak)
rCorr   .          Rampage  .   (no gloves)
Will    .....                   (no boots)
Stlth   +.........              (no amulet)
HPRegen 0.10/turn               (no ring)
MPRegen 0.11/turn               (no ring)

@: mighty, lethally poisoned (-1 -> -7), on blink cooldown
A: fangs 1, strong nose, distributed training
a: no special abilities


You were on level 2 of the Dungeon.
You visited 1 branch of the dungeon, and saw 2 of its levels.

You collected 9 gold pieces.

Inventory:

Hand Weapons
 a - a +0 spear (weapon)
Missiles
 d - 5 boomerangs of dispersal
 e - 28 arrows
 h - 2 stones
 j - 3 boomerangs (quivered)
 k - 38 sling bullets
Armour
 b - a +0 leather armour (worn)
Scrolls
 c - a scroll of blinking
 f - a scroll of holy word {unknown}
 g - a scroll of immolation {unknown}
 i - a scroll of torment {unknown}
 l - a scroll of magic mapping {unknown}
 m - a scroll of identify {unknown}
Potions
 n - a potion of might


   Skills:
 + Level 4.5 Fighting
 + Level 0.5 Short Blades
 + Level 0.5 Long Blades
 + Level 0.5 Axes
 + Level 0.5 Maces & Flails
 + Level 4.5 Polearms
 + Level 0.5 Staves
 + Level 0.5 Slings
 + Level 0.5 Bows
 + Level 0.5 Crossbows
 + Level 2.5 Throwing
 + Level 2.5 Armour
 + Level 4.5 Dodging
 + Level 0.5 Stealth
 + Level 0.5 Shields
 + Level 0.5 Unarmed Combat
 + Level 4.9 Spellcasting
 + Level 0.4 Conjurations
 + Level 0.4 Hexes
 + Level 0.4 Summonings
 + Level 0.4 Necromancy
 + Level 5.4 Translocations
 + Level 0.4 Transmutations
 + Level 0.4 Fire Magic
 + Level 0.4 Ice Magic
 + Level 0.4 Air Magic
 + Level 0.4 Earth Magic
 + Level 0.4 Poison Magic
 + Level 0.7 Invocations
 + Level 0.5 Evocations


You had 9 spell levels left.
You knew the following spells:

 Your Spells              Type           Power      Damage    Failure   Level
a - Blink                 Tloc           30%        N/A       4%          2

Your spell library contained the following spells:

 Spells                   Type           Power      Damage    Failure   Level
 Gell's Gravitas          Tloc           15%        N/A       9%          3
 Lesser Beckoning         Tloc           15%        N/A       9%          3
 Teleport Other           Tloc           15%        N/A       9%          3
 Manifold Assault         Tloc           15%        N/A       61%         5


Dungeon Overview and Level Annotations

Branches:
Dungeon (2/15)

Altars:


Innate Abilities, Weirdness & Mutations

You have very sharp teeth.
Your uncanny sense of smell can sniff out nearby items.
Your experience applies equally to all skills.


Message History

Confirm with . or Enter, or press ? or * to list all spells.
You blink.
You feel sick.
Unknown command.
Reach: a) +0 spear
Press: ? - help, Dir - move target, f - adder
Aim: an adder (heavily wounded, about 54% to evade your +0 spear)
You reach to attack!
You closely miss the adder.
The adder is heavily wounded.
You feel sick. The adder barely misses you.
You feel sick.
You hit the adder but do no damage.
The adder is heavily wounded.
You feel sick. The adder barely misses you.
You feel sick.
You closely miss the adder.
The adder is heavily wounded.
You feel sick.
You are no longer poisoned.
The adder bites you.
* * * LOW HITPOINT WARNING * * *
The adder barely misses you.
You miss the adder.
The adder is heavily wounded.
You feel stable enough to blink again. The adder bites you.
* * * LOW HITPOINT WARNING * * *
Unknown command.
Casting: Blink (safe; 4% risk of failure)
Confirm with . or Enter, or press ? or * to list all spells.
You blink.
You hit the adder.
The adder is severely wounded.
The adder bites you.
* * * LOW HITPOINT WARNING * * *
You are lethally poisoned!
The adder poisons you!
Unknown command.
It was a potion of might.
You feel very mighty all of a sudden.
You die...

#...# ...# ∆ ...#
∆ #### ..# ##..##
..# # ##@S..###.#
.##..##......##.#
................#
.###..####..###.#
##. #...##.####.#
# #.......<...#
#...#######.#
#.### #.#


You could see an adder.

Vanquished Creatures
  2 ball pythons (D:1)
  An endoplasm (D:1)
  3 giant cockroaches (D:1)
  2 goblins (D:1)
  4 hobgoblins (D:1)
  4 kobolds (D:1)
  A quokka (D:1)
  2 bats (D:1)
  A rat (D:1)
20 creatures vanquished.

Notes
Turn   | Place    | Note
-------+----------+-------------------------------------------
     0 | D:1      | Ablot the Gnoll Warper began the quest for the Orb.
     0 | D:1      | Reached XP level 1. HP: 20/20 MP: 6/6
   271 | D:1      | Found a faded altar of an unknown god.
   349 | D:1      | Reached XP level 2. HP: 26/26 MP: 7/7
   364 | D:1      | Learned a level 2 spell: Blink
   816 | D:1      | Reached XP level 3. HP: 15/31 MP: 9/9
  1254 | D:2      | HP: 1/31 [adder (2)]
  1255 | D:2      | Succumbed to an adder's poison

Illustrated notes

Levels and vault maps discovered:
D:1:      nicolae_arrival_somewhat_less_tricky_arrival, layout_basic,
          shapermc_ecumenical_altar_acropolis
D:2:      layout_loops_ring, basic_altar, minmay_misc_feat_enclosed,
          minmay_misc_feat_plants, minivault_19

Action                   || total
-------------------------++-------
Melee: Spear             ||    87
       Bite              ||     7
       Punch             ||     1
 Cast: Blink             ||     2
  Use: Potion            ||     1
Armor: Leather armour    ||    18
Dodge: Dodged            ||    37
